[Event "Titled Tuesday Blitz May 16 Early 2023"]
[White "Kaminski, Victor"]
[Black "Golubev, Mikhail"]
[WhiteFideId "1131630"]
[BlackFideId "14100983"]
[WhiteElo "2181"]
[BlackElo "2374"]
[Result "0-1"]
[Round "03"]
[TimeControl "180+2"]
[Date "2023.05.16"]
[WhiteClock "0:00:00"]
[BlackClock "0:00:16"]

1. d4 g6 2. e4 Bg7 3. Nc3 Nc6 4. Nf3 e5 5. d5 Nd4 6. Be3 Nxf3+ 7. Qxf3 d6 8. O-O-O h5 9. Bb5+ Kf8 10. h3 Bh6 11. g4 h4 12. Rhg1 Bxe3+ 13. fxe3 Qf6 14. Qe2 Qg5 15. Rdf1 Rh7 16. Nb1 a6 17. Bd3 c5 18. dxc6 bxc6 19. Bc4 d5 20. exd5 cxd5 21. Bxd5 Rb8 22. Nd2 e4 23. Qc4 Nf6 24. Qc7 Nxd5 25. Qxb8 Qd8 26. Nxe4 Nxe3 27. Qb4+ Kg8 28. Nf6+ Kg7 29. Nxh7 Nxf1 30. Rxf1 Be6 0-1


[Site "https://www.chess.com"]

[Event "Titled Tuesday Blitz May 16 Early 2023"]
[White "Rose, Felix"]
[Black "Baches Garcia, Guillermo"]
[WhiteFideId "5105722"]
[BlackFideId "2209764"]
[WhiteElo "2039"]
[BlackElo "2491"]
[Result "1/2-1/2"]
[Round "03"]
[TimeControl "180+2"]
[Date "2023.05.16"]
[WhiteClock "0:00:42"]
[BlackClock "0:00:41"]

1. e4 c5 2. Nf3 d6 3. d4 cxd4 4. Nxd4 Nf6 5. Nc3 Nc6 6. f3 e5 7. Nb3 Be6 8. Be3 d5 9. Nxd5 Nxd5 10. exd5 Qxd5 11. Qxd5 Bxd5 12. O-O-O O-O-O 13. c4 Be6 14. Rxd8+ Kxd8 15. Nc5 Bxc5 16. Bxc5 Kc7 17. Be2 Rd8 18. Rd1 Nd4 19. Bxd4 exd4 20. Bd3 Kb6 21. Re1 Rc8 22. b3 Kc5 23. Re5+ Kd6 24. Re4 Kc5 25. a3 a5 26. Re5+ Kb6 27. Rb5+ Ka6 28. Kd2 a4 29. c5 axb3 30. Rxb3+ Ka7 31. Rb5 Bd7 32. Ra5+ Kb8 33. Be4 f5 34. Bd5 Kc7 35. Kd3 Rd8 36. f4 Bc6 37. Bxc6 Kxc6 38. a4 g6 39. Rb5 Ra8 40. Rb6+ Kxc5 41. Rxb7 Rxa4 42. Rc7+ Kd5 43. Rd7+ Kc5 44. Rc7+ Kd5 45. Rd7+ Kc5 46. Rc7+ 1/2-1/2


[Site "https://www.chess.com"]

[Event "Titled Tuesday Blitz May 16 Early 2023"]
[White "Smith, Shreyas"]
[Black "Dobre, Claudiu-Cristian"]
[WhiteFideId "7400713"]
[BlackFideId "1211854"]
[WhiteElo "2151"]
[BlackElo "2207"]
[Result "1-0"]
[Round "03"]
[TimeControl "180+2"]
[Date "2023.05.16"]
[WhiteClock "0:01:22"]
[BlackClock "0:00:09"]

1. e4 Nc6 2. Nf3 d6 3. d4 Nf6 4. Bd3 Nb4 5. O-O Nxd3 6. Qxd3 g6 7. h3 Bg7 8. c4 O-O 9. Nc3 c5 10. d5 e6 11. Bg5 h6 12. Bh4 g5 13. Bg3 e5 14. Rab1 Nh5 15. b4 b6 16. bxc5 bxc5 17. Rb2 f5 18. exf5 Bxf5 19. Ne4 Nxg3 20. fxg3 g4 21. Nh4 Bxe4 22. Rxf8+ Qxf8 23. Qxe4 gxh3 24. gxh3 Rb8 25. Ng6 Qf6 26. Rxb8+ 1-0


[Site "https://www.chess.com"]

[Event "Titled Tuesday Blitz May 16 Early 2023"]
[White "Perera Alfonso, Rene Humberto"]
[Black "Rodriguez Santiago, Jaime"]
[WhiteFideId "3514722"]
[BlackFideId "3100898"]
[WhiteElo "2313"]
[BlackElo "2025"]
[Result "1-0"]
[Round "03"]
[TimeControl "180+2"]
[Date "2023.05.16"]
[WhiteClock "0:01:11"]
[BlackClock "0:00:22"]

1. e4 c6 2. d4 d5 3. exd5 cxd5 4. c4 e6 5. Nc3 Nf6 6. Nf3 Be7 7. Bd3 dxc4 8. Bxc4 O-O 9. O-O Nbd7 10. a3 a6 11. Qd3 b5 12. Ba2 Nb6 13. Bg5 Bb7 14. Rad1 h6 15. Bh4 Rc8 16. Bb1 g6 17. Rfe1 Qd6 18. Ne5 g5 19. Ng4 Nbd7 20. Nxh6+ Kg7 21. Bxg5 Rh8 22. d5 Ne5 23. Qg3 Ng6 24. Bxf6+ Kxf6 25. Ng4+ Kg7 26. Qxd6 Bxd6 27. dxe6 Bb8 28. Rd7 Rh4 29. Rxf7+ Kg8 30. Bxg6 Rxg4 31. Bh7+ Kh8 32. Rxb7 1-0


[Site "https://www.chess.com"]

[Event "Titled Tuesday Blitz May 16 Early 2023"]
[White "Mahalakshmi, M"]
[Black "Klepikov, Nikita"]
[WhiteFideId "5001080"]
[BlackFideId "24145220"]
[WhiteElo "2176"]
[BlackElo "2025"]
[Result "0-1"]
[Round "03"]
[TimeControl "180+2"]
[Date "2023.05.16"]
[WhiteClock "0:00:38"]
[BlackClock "0:00:21"]

1. e4 c5 2. Nf3 Nc6 3. g3 g6 4. Bg2 Bg7 5. O-O e6 6. Re1 Nge7 7. c3 d5 8. e5 d4 9. cxd4 cxd4 10. d3 O-O 11. Nbd2 a5 12. Nc4 b5 13. Nd6 Ba6 14. Bg5 h6 15. Bxe7 Qxe7 16. Rc1 Nxe5 17. Nxe5 Qxd6 18. Bxa8 Rxa8 19. Qf3 Ra7 20. Rc6 Qb4 21. Re2 Bxe5 22. Rxe5 Bb7 23. Re2 Ra6 24. Rec2 Rxc6 25. Rxc6 Qe7 26. Rxe6 fxe6 27. Qg4 Qf6 28. f4 Qf5 29. Qh4 Qd5 30. Qh3 Kg7 31. g4 Qf3 32. Qh4 Qg2# 0-1


[Site "https://www.chess.com"]

[Event "Titled Tuesday Blitz May 16 Early 2023"]
[White "Mrudul Dehankar"]
[Black "Muhammed, Shuaau"]
[WhiteFideId "25096990"]
[BlackFideId "16700406"]
[WhiteElo "2139"]
[BlackElo "1922"]
[Result "1-0"]
[Round "03"]
[TimeControl "180+2"]
[Date "2023.05.16"]
[WhiteClock "0:00:05"]
[BlackClock "0:00:40"]

1. e4 e5 2. Nf3 Nc6 3. Bb5 a6 4. Ba4 Nf6 5. O-O Be7 6. Re1 b5 7. Bb3 O-O 8. h3 d5 9. exd5 Nxd5 10. Nxe5 Nxe5 11. Rxe5 c6 12. Re1 Bd6 13. Nc3 Be6 14. Ne4 Be7 15. d4 a5 16. c3 a4 17. Bc2 Qd7 18. Qf3 f5 19. Nc5 Bxc5 20. dxc5 f4 21. Bd2 Rae8 22. Re2 Bf5 23. Bxf5 Qxf5 24. Rae1 Rxe2 25. Qxe2 f3 26. Qe6+ Qxe6 27. Rxe6 Rf6 28. Rxf6 Nxf6 29. gxf3 Kf7 30. Kf1 Ke6 31. Ke2 Kd5 32. Be3 Kc4 33. Bd4 Nh5 34. Ke3 g6 35. f4 b4 36. cxb4 Kxb4 37. Ke4 Kc4 38. h4 h6 39. Be3 Ng7 40. Ke5 Nf5 41. h5 Nh4 42. hxg6 Nxg6+ 43. Kf6 Nh4 44. f5 Kd5 45. Bxh6 Ke4 46. Be3 Nxf5 47. Ke6 Nh4 48. Kd6 Kd3 49. Kxc6 Kc2 50. b4 Kb2 51. b5 Kxa2 52. Bd4 Nf5 53. Bf6 Kb3 54. b6 Kc4 55. b7 a3 56. b8=Q Nd4+ 57. Bxd4 Kxd4 58. Qb4+ Kd3 59. Qxa3+ Ke2 60. Kd5 Kf1 61. c6 Kg2 62. c7 1-0


[Site "https://www.chess.com"]

[Event "Titled Tuesday Blitz May 16 Early 2023"]
[White "Zaichenko, Daria"]
[Black "Jimenez Almeida, Luis David"]
[WhiteFideId "4197453"]
[BlackFideId "22242244"]
[WhiteElo "2039"]
[BlackElo "2245"]
[Result "0-1"]
[Round "03"]
[TimeControl "180+2"]
[Date "2023.05.16"]
[WhiteClock "0:00:00"]
[BlackClock "0:00:37"]

1. e4 c5 2. Nf3 e6 3. d4 cxd4 4. Nxd4 a6 5. Nc3 Qc7 6. Bd3 b5 7. O-O Bb7 8. Nb3 Nf6 9. Qe2 d6 10. Be3 Nbd7 11. f3 b4 12. Nd1 d5 13. Nf2 Bd6 14. g3 O-O 15. Bg5 a5 16. f4 dxe4 17. Nxe4 Nxe4 18. Bxe4 a4 19. Nd4 Bc5 20. Rad1 e5 21. Bxb7 exd4 22. Qf3 Rab8 23. Bc6 Rfc8 24. Bxd7 Qxd7 25. f5 f6 26. Bf4 Ra8 27. g4 Qf7 28. Rd3 Qxa2 29. g5 fxg5 30. Bxg5 Qf7 31. Kh1 a3 32. bxa3 bxa3 33. f6 a2 0-1


[Site "https://www.chess.com"]

[Event "Titled Tuesday Blitz May 16 Early 2023"]
[White "Womacka, Mathias"]
[Black "Afanasieva, Alexandra"]
[WhiteFideId "4611390"]
[BlackFideId "34126926"]
[WhiteElo "2377"]
[BlackElo "1745"]
[Result "0-1"]
[Round "03"]
[TimeControl "180+2"]
[Date "2023.05.16"]
[WhiteClock "0:01:06"]
[BlackClock "0:00:36"]

1. e4 c5 2. Nf3 Nc6 3. d4 cxd4 4. Nxd4 e5 5. Nb5 a6 6. Nd6+ Bxd6 7. Qxd6 Qe7 8. Qd1 Nf6 9. Nc3 d6 10. Bg5 Be6 11. Nd5 Bxd5 12. exd5 Nd4 13. c3 Nf5 14. Bd3 Nh6 15. O-O Qd7 16. f4 Nxd5 17. fxe5 dxe5 18. Bc4 Nb6 19. Qxd7+ Kxd7 20. Bxh6 Nxc4 21. Bxg7 Rhg8 22. Rxf7+ Ke6 23. Rxb7 Nd6 24. Rb6 Rxg7 25. Rd1 Rd7 26. c4 Ke7 27. c5 Nc4 28. Rxd7+ Kxd7 29. Rh6 Nxb2 30. Kf2 Nd3+ 31. Ke3 Nxc5 32. Rxh7+ Kd6 33. g4 Rg8 34. h3 Ne6 35. Ra7 Nc5 36. Kf3 Rh8 37. Kg3 Ne4+ 38. Kg2 Nc5 39. g5 e4 40. Kg3 e3 41. h4 e2 42. Kf2 Re8 43. Ke1 Nd3+ 44. Kd2 e1=Q+ 45. Kxd3 Qe3+ 46. Kc4 Qxa7 0-1


[Site "https://www.chess.com"]

[Event "Titled Tuesday Blitz May 16 Early 2023"]
[White "Kuchava, Ana"]
[Black "Fernandez Garcia, Gumersindo"]
[WhiteFideId "13605348"]
[BlackFideId "24516740"]
[WhiteElo "2001"]
[BlackElo "2093"]
[Result "1-0"]
[Round "03"]
[TimeControl "180+2"]
[Date "2023.05.16"]
[WhiteClock "0:00:16"]
[BlackClock "0:00:00"]

1. d4 Nf6 2. Nf3 g6 3. c4 Bg7 4. Nc3 O-O 5. e4 d6 6. Be2 e5 7. O-O Nbd7 8. Re1 Re8 9. Bf1 Nh5 10. Be3 a5 11. Qd2 Bf6 12. Rad1 c6 13. dxe5 dxe5 14. Na4 Qc7 15. Nc5 Nxc5 16. Bxc5 Ng7 17. Bd6 Qb6 18. Qc3 Bg4 19. c5 Qa7 20. Be2 Bxf3 21. Bxf3 Ne6 22. Bxe5 Bxe5 23. Qxe5 Qxc5 24. Qxc5 Nxc5 25. Rd4 Ne6 26. Rd7 Nc5 27. Rd4 Re7 28. g3 Rae8 29. Bg2 Kg7 30. f4 Ne6 31. Rd6 Nc5 32. Rd4 h5 33. e5 Ra8 34. Red1 a4 35. a3 Ra5 36. Rc4 Rb5 37. Rd2 h4 38. Rdc2 Nd3 39. Rxa4 Nxb2 40. Rb4 Rxb4 41. axb4 Nd3 42. b5 cxb5 43. Bf1 Nb4 44. Rb2 Nc6 45. Rxb5 Na7 46. Rb6 Nc8 47. Rb4 b6 48. Ba6 Rc7 49. Bxc8 Rxc8 50. Rxb6 h3 51. Rb2 Rc3 52. Kf2 Ra3 53. g4 Kh6 54. Re2 g5 55. f5 Kg7 56. Re3 Ra4 57. Kg3 Kf8 58. Kxh3 Ke7 59. Kg3 Rb4 60. h4 gxh4+ 61. Kxh4 Rb1 62. Kg5 Rb8 63. Rc3 Rg8+ 64. Kf4 Ra8 65. Rc7+ Kf8 66. Rb7 Rc8 67. Kg5 Re8 68. Kf6 Kg8 69. Rxf7 Ra8 70. e6 Rb8 71. Rc7 Rf8+ 72. Kg6 Ra8 73. e7 Kh8 74. Rd7 Rg8+ 75. Kf6 Kh7 76. Rd8 Rxg4 77. e8=Q 1-0


[Site "https://www.chess.com"]

[Event "Titled Tuesday Blitz May 16 Early 2023"]
[White "Panda Sambit"]
[Black "ChawitAp"]
[WhiteFideId "25091794"]
[WhiteElo "2272"]
[BlackElo "2230"]
[Result "1-0"]
[Round "03"]
[TimeControl "180+2"]
[Date "2023.05.16"]
[WhiteClock "0:00:03"]
[BlackClock "0:00:00"]

1. Nf3 d5 2. d4 c6 3. Bf4 Nf6 4. e3 Qb6 5. Qc1 Bf5 6. c4 e6 7. Nc3 Nbd7 8. c5 Qd8 9. h3 Be7 10. Be2 Ne4 11. O-O O-O 12. b4 Re8 13. Nxe4 Bxe4 14. Nd2 Bg6 15. Bg3 Bf6 16. f4 b6 17. b5 bxc5 18. bxc6 cxd4 19. cxd7 Qxd7 20. Nf3 d3 21. Bd1 Bxa1 22. Qxa1 Be4 23. Be1 Rac8 24. Qd4 Rc4 25. Qb2 Qc7 26. Ne5 Rc1 27. Bd2 Rc5 28. Bb3 f6 29. Ng4 Rb8 30. Rc1 Rc2 31. Rxc2 dxc2 32. Nf2 Bg6 33. g4 a5 34. f5 Qg3+ 35. Kf1 Be8 36. Qxc2 Bb5+ 37. Nd3 Qxh3+ 38. Ke1 Qh1+ 39. Kf2 Qh4+ 40. Kf3 h5 41. Nf2 hxg4+ 42. Nxg4 Qh3+ 43. Kf4 e5+ 44. Nxe5 fxe5+ 45. Kxe5 Re8+ 46. Kxd5 Qf3+ 47. Kc5+ Kf8 48. Kxb5 Re5+ 49. Ka4 Qe4+ 50. Qxe4 Rxe4+ 51. Ka3 Re5 52. e4 Rxe4 53. Bxa5 Rf4 54. Bb4+ Ke8 55. Be6 g6 56. fxg6 Rf6 57. g7 1-0


[Site "https://www.chess.com"]

[Event "Titled Tuesday Blitz May 16 Early 2023"]
[White "Kielinkei"]
[Black "Chakravarthi Reddy, M"]
[BlackFideId "25009532"]
[WhiteElo "2432"]
[BlackElo "2201"]
[Result "0-1"]
[Round "03"]
[TimeControl "180+2"]
[Date "2023.05.16"]
[WhiteClock "0:00:00"]
[BlackClock "0:00:14"]

1. e4 e5 2. Nf3 Nc6 3. Nc3 Nf6 4. d4 exd4 5. Nd5 Bc5 6. Bg5 h6 7. Bxf6 gxf6 8. Bc4 Rg8 9. O-O d6 10. b4 Nxb4 11. Nxb4 Bxb4 12. Qxd4 Bc5 13. Qd2 Bh3 14. Ne1 Qd7 15. Kh1 Be6 16. Bxe6 fxe6 17. Qxh6 O-O-O 18. Qd2 Rh8 19. Nd3 Bb6 20. h3 e5 21. Kh2 Rh4 22. Qe2 d5 23. exd5 Rdh8 24. Qf3 e4 25. Qg3 exd3 26. cxd3 Bd4 27. Rac1 Be5 28. f4 Bd6 29. Qe3 b6 30. Rf3 Qf5 31. Rcf1 Qxd5 32. Kh1 Bc5 0-1


[Site "https://www.chess.com"]

[Event "Titled Tuesday Blitz May 16 Early 2023"]
[White "Ankudinova, Yelena"]
[Black "Mazurkiewicz, Michal"]
[WhiteFideId "13702114"]
[BlackFideId "1124943"]
[WhiteElo "1937"]
[BlackElo "2054"]
[Result "0-1"]
[Round "03"]
[TimeControl "180+2"]
[Date "2023.05.16"]
[WhiteClock "0:00:00"]
[BlackClock "0:00:05"]

1. Nf3 Nf6 2. d4 g6 3. Nbd2 Bg7 4. e4 O-O 5. Bd3 d6 6. O-O c5 7. c3 Nc6 8. Re1 c4 9. Bxc4 Rb8 10. a4 a6 11. Bf1 b5 12. axb5 axb5 13. b4 Qc7 14. Nb3 Bb7 15. Bxb5 Nd8 16. e5 Nd5 17. exd6 exd6 18. Bf1 Nxc3 19. Qd3 Bxf3 20. Qxf3 Rxb4 21. Na5 Bxd4 22. Bh6 Ne6 23. Bxf8 Nxf8 24. Rec1 Rb2 25. Ra3 Qc5 26. Raxc3 Rxf2 27. Rxc5 Rxf3+ 28. Kh1 Ra3 29. Rb5 Ne6 30. g3 Ng5 31. Bg2 Ne6 32. Nc4 Ra2 33. Nxd6 h6 34. Rb8+ Kg7 35. Nb5 Be3 36. Nc3 Ra3 0-1


[Site "https://www.chess.com"]

[Event "Titled Tuesday Blitz May 16 Early 2023"]
[White "merinasian"]
[Black "mestrefeitosa19"]
[WhiteElo "2428"]
[BlackElo "2227"]
[Result "1-0"]
[Round "03"]
[TimeControl "180+2"]
[Date "2023.05.16"]
[WhiteClock "0:02:29"]
[BlackClock "0:02:08"]

1. d4 d5 2. Nf3 e6 3. g3 Nf6 4. Bg2 Be7 5. O-O O-O 6. c4 b6 7. cxd5 Nxd5 8. Nc3 Bb7 9. Qc2 Nxc3 10. bxc3 c5 11. e4 Nd7 12. Bf4 Nf6 13. Rfe1 Rc8 14. Rad1 Qe8 15. d5 Rd8 16. d6 Bxd6 17. Bxd6 1-0


[Site "https://www.chess.com"]

[Event "Titled Tuesday Blitz May 16 Early 2023"]
[White "Prohorov, Olexandr"]
[Black "Shubenkova, Veronika"]
[WhiteFideId "14105578"]
[BlackFideId "44124040"]
[WhiteElo "1966"]
[BlackElo "2060"]
[Result "0-1"]
[Round "03"]
[TimeControl "180+2"]
[Date "2023.05.16"]
[WhiteClock "0:00:43"]
[BlackClock "0:01:36"]

1. d4 d5 2. c4 e6 3. Nc3 Nf6 4. Nf3 Be7 5. Bf4 c6 6. e3 O-O 7. c5 Nbd7 8. Bd3 Re8 9. h3 Nf8 10. O-O Ng6 11. Bh2 Nd7 12. b4 a6 13. a4 Bf6 14. Qc2 e5 15. Bf5 e4 16. Nd2 Nh4 17. Bxd7 Bxd7 18. Rae1 g6 19. f4 exf3 20. Nxf3 Bf5 21. Qf2 Nxf3+ 22. Qxf3 Bg7 23. g4 Be6 24. Ne2 f5 25. Nf4 Bd7 26. Rb1 Qe7 27. Rb3 Rf8 28. Kh1 fxg4 29. hxg4 g5 30. Qg3 gxf4 31. exf4 Bxd4 32. f5 Qe4+ 33. Rbf3 Rae8 34. Qh4 Bf6 35. g5 Qxh4 0-1


[Site "https://www.chess.com"]

[Event "Titled Tuesday Blitz May 16 Early 2023"]
[White "Dudzinski, Pawel"]
[Black "hsd2016"]
[WhiteFideId "1117890"]
[WhiteElo "2099"]
[BlackElo "2189"]
[Result "1-0"]
[Round "03"]
[TimeControl "180+2"]
[Date "2023.05.16"]
[WhiteClock "0:02:01"]
[BlackClock "0:00:00"]

1. e4 e5 2. Nf3 Nc6 3. d4 exd4 4. Nxd4 Qf6 5. Nxc6 Bc5 6. Qf3 Qxf3 7. gxf3 dxc6 8. Be3 Bd6 9. Rg1 Be5 10. c3 g6 11. h4 h5 12. Nd2 Be6 13. Bc4 Bxc4 14. Nxc4 Bf6 15. Bg5 Bxg5 16. Rxg5 Ne7 17. f4 O-O-O 18. Ke2 Rhe8 19. f3 Nd5 20. f5 f6 21. Rg3 gxf5 22. Ne3 Nf4+ 23. Kf1 fxe4 24. Ng2 Nxg2 25. Rxg2 exf3 26. Rf2 Re3 27. Re1 Rde8 28. Rxe3 Rxe3 29. Rd2 Re4 30. Rd3 Rxh4 31. Rxf3 Rh1+ 32. Kg2 Rb1 33. Rf2 Kd7 34. Kg3 Ke6 35. Kh4 Rh1+ 36. Kg3 f5 37. Kf4 Rh4+ 38. Kg5 Rh1 39. Re2+ Kd5 40. Kxf5 h4 41. Rd2+ Kc5 42. Kg4 h3 43. Kg3 a5 44. Rf2 1-0


[Site "https://www.chess.com"]

[Event "Titled Tuesday Blitz May 16 Early 2023"]
[White "Floresvillar Gonzalez, Luis Migu"]
[Black "Pasti, Aron"]
[WhiteFideId "5100542"]
[BlackFideId "785857"]
[WhiteElo "2040"]
[BlackElo "2173"]
[Result "0-1"]
[Round "03"]
[TimeControl "180+2"]
[Date "2023.05.16"]
[WhiteClock "0:00:15"]
[BlackClock "0:01:01"]

1. e4 c5 2. Nf3 e6 3. d4 cxd4 4. c3 d5 5. exd5 Qxd5 6. cxd4 Nc6 7. Nc3 Qa5 8. Be2 Nf6 9. O-O Be7 10. Bd2 Qd8 11. Be3 O-O 12. h3 Nd5 13. Nxd5 Qxd5 14. Qd2 b6 15. Rac1 Bb7 16. Rfd1 Rac8 17. Bc4 Qd6 18. d5 Na5 19. b3 exd5 20. Bd3 Nc6 21. Ng5 Bxg5 22. Bxg5 Ne5 23. Bf5 Rxc1 24. Qxc1 d4 25. Bf4 Qd5 26. f3 Nxf3+ 27. gxf3 Qxf3 28. Qd2 Qh1+ 29. Kf2 Qg2+ 30. Ke1 Re8+ 31. Be3 Qg1+ 32. Ke2 Rxe3+ 33. Qxe3 Qxe3+ 34. Kf1 Qf3+ 35. Ke1 Qxf5 36. Rxd4 h5 0-1


[Site "https://www.chess.com"]

[Event "Titled Tuesday Blitz May 16 Early 2023"]
[White "Koepke, Christian"]
[Black "Deepak, Katiyar"]
[WhiteFideId "4655737"]
[BlackFideId "5026792"]
[WhiteElo "2204"]
[BlackElo "2069"]
[Result "1-0"]
[Round "03"]
[TimeControl "180+2"]
[Date "2023.05.16"]
[WhiteClock "0:00:18"]
[BlackClock "0:00:11"]

1. e4 c6 2. Nc3 d5 3. Qf3 d4 4. Bc4 e6 5. Nce2 c5 6. d3 Nc6 7. Qg3 Nf6 8. Bd2 e5 9. f4 Qc7 10. Nf3 Nh5 11. Qg5 Nxf4 12. Nxf4 exf4 13. Bxf4 Qe7 14. Qg3 Be6 15. Nd2 a6 16. O-O b5 17. Bxe6 Qxe6 18. a4 Rc8 19. axb5 axb5 20. Ra6 Qg6 21. Qh3 Qe6 22. Qxe6+ fxe6 23. Nf3 Be7 24. Rb6 O-O 25. Bg3 Bd8 26. Rxb5 Nb4 27. Bd6 Rf7 28. Rxc5 Rxc5 29. Bxc5 Nxc2 30. Nxd4 Bf6 31. Nxc2 Rc7 32. b4 h6 33. g3 Kh7 34. Kg2 Rc8 35. Ne3 Bd8 36. Nc4 Bc7 37. Rf7 Kg6 38. Rd7 Bb8 39. Bd4 Rc7 40. Rxc7 Bxc7 41. b5 Kf7 42. b6 Bb8 43. Be5 Bxe5 44. Nxe5+ Kf6 45. b7 Kxe5 46. b8=Q+ Kd4 47. Qg8 Kxd3 48. Qxg7 Kxe4 49. Qxh6 e5 50. Kf2 Kd4 51. Qe3+ Kd5 52. Kf3 Kd6 53. Ke4 1-0


[Site "https://www.chess.com"]

[Event "Titled Tuesday Blitz May 16 Early 2023"]
[White "FunnyDuck66"]
[Black "Smietanska, Wiktoria"]
[BlackFideId "21869359"]
[WhiteElo "2410"]
[BlackElo "1995"]
[Result "0-1"]
[Round "03"]
[TimeControl "180+2"]
[Date "2023.05.16"]
[WhiteClock "0:00:00"]
[BlackClock "0:00:08"]

1. d4 Nf6 2. Nf3 g6 3. Bg5 Bg7 4. Nbd2 d5 5. e3 O-O 6. Be2 c5 7. c3 Nc6 8. dxc5 h6 9. Bxf6 Bxf6 10. O-O e5 11. b4 Qe7 12. Qc2 a5 13. a3 Bf5 14. e4 dxe4 15. Nxe4 Bg7 16. Bd3 Rfd8 17. Rfe1 Rd7 18. Nd6 Bxd3 19. Qxd3 f5 20. Qc4+ Kh7 21. b5 Nd8 22. Rad1 b6 23. Qd5 Nb7 24. Qc6 Rc7 25. Qxb6 Nxc5 26. Rd5 Na4 27. Qe3 e4 28. Nd4 Nxc3 29. Nc6 Nxd5 30. Nxe7 Nxe3 31. Nc6 Nc2 32. Rc1 Nd4 33. a4 Ne2+ 0-1


[Site "https://www.chess.com"]

[Event "Titled Tuesday Blitz May 16 Early 2023"]
[White "Yosha_Iglesias"]
[Black "Fernandez Hernandez, Gerardo"]
[BlackFideId "2207400"]
[WhiteElo "2407"]
[BlackElo "2161"]
[Result "1-0"]
[Round "03"]
[TimeControl "180+2"]
[Date "2023.05.16"]
[WhiteClock "0:00:16"]
[BlackClock "0:00:38"]

1. d4 Nf6 2. Nf3 g6 3. Nbd2 Bg7 4. e4 d5 5. e5 Ne4 6. Bd3 Nxd2 7. Bxd2 c5 8. c3 cxd4 9. cxd4 Nc6 10. h3 Bf5 11. Bxf5 gxf5 12. Qb3 e6 13. Qxb7 Rc8 14. Rc1 Ne7 15. O-O O-O 16. Bb4 Rxc1 17. Rxc1 Re8 18. Rc7 Bf8 19. Qxa7 Nc6 20. Rxc6 Bxb4 21. Rc7 Rf8 22. h4 h6 23. a3 Be1 24. Nxe1 Qxh4 25. Nf3 Qe4 26. Qc5 h5 27. Rc8 Rxc8 28. Qxc8+ Kg7 29. Qc3 h4 30. a4 Qg4 31. Qe3 Kg6 32. Qg5+ Qxg5 33. Nxg5 Kxg5 34. a5 1-0


[Site "https://www.chess.com"]

[Event "Titled Tuesday Blitz May 16 Early 2023"]
[White "Petrova, Irina"]
[Black "Winkels, Marcel"]
[WhiteFideId "14124122"]
[BlackFideId "1003887"]
[WhiteElo "2084"]
[BlackElo "1900"]
[Result "1-0"]
[Round "03"]
[TimeControl "180+2"]
[Date "2023.05.16"]
[WhiteClock "0:00:43"]
[BlackClock "0:00:00"]

1. e4 c5 2. Nf3 Nf6 3. e5 Nd5 4. c4 Nc7 5. d4 cxd4 6. Qxd4 Nc6 7. Qh4 g6 8. Bh6 e6 9. Bg5 Be7 10. Bxe7 Qxe7 11. Qxe7+ Kxe7 12. Nc3 a6 13. Be2 Rb8 14. O-O b5 15. cxb5 axb5 16. Rad1 b4 17. Ne4 Nd5 18. Bc4 Nb6 19. Bb3 Ba6 20. Rfe1 Nc4 21. Bxc4 Bxc4 22. b3 Bd5 23. Nf6 Ra8 24. Nxd5+ exd5 25. Re2 Ra5 26. Kf1 Rha8 27. Rdd2 d4 28. Nxd4 Nxd4 29. Rxd4 Rxa2 30. Rxa2 Rxa2 31. Rxb4 Ke6 32. f4 g5 33. Rb6+ Ke7 34. fxg5 Rb2 35. b4 Ke8 36. b5 Ke7 37. h4 Kd8 38. Rb7 Kc8 39. Rb6 Kc7 40. Rh6 Rxb5 41. Rxh7 Rxe5 42. Rxf7 Kc6 43. g6 Re8 44. g7 Rg8 45. h5 Kd6 46. h6 Ke6 47. Rf8 1-0


[Site "https://www.chess.com"]

[Event "Titled Tuesday Blitz May 16 Early 2023"]
[White "Xie, Bryan"]
[Black "Tarnowska, Aleksandra"]
[WhiteFideId "30941296"]
[BlackFideId "1180967"]
[WhiteElo "2033"]
[BlackElo "1776"]
[Result "0-1"]
[Round "03"]
[TimeControl "180+2"]
[Date "2023.05.16"]
[WhiteClock "0:00:45"]
[BlackClock "0:00:54"]

1. e4 c5 2. Bc4 e6 3. Nc3 Nc6 4. Nge2 a6 5. a4 b6 6. d3 Bb7 7. O-O Nf6 8. f4 d6 9. h3 Be7 10. Be3 d5 11. e5 dxc4 12. exf6 Bxf6 13. dxc4 Qc7 14. Qe1 Ne7 15. Ng3 Bh4 16. Nce2 Nf5 17. Bf2 Qc6 18. Ne4 Qxe4 19. g4 Qg2# 0-1


[Site "https://www.chess.com"]

[Event "Titled Tuesday Blitz May 16 Early 2023"]
[White "MANOJ_MISHRA123"]
[Black "KVAIDAN"]
[WhiteElo "2160"]
[BlackElo "2398"]
[Result "0-1"]
[Round "03"]
[TimeControl "180+2"]
[Date "2023.05.16"]
[WhiteClock "0:00:16"]
[BlackClock "0:00:49"]

1. d4 e6 2. Bf4 c5 3. e3 Qb6 4. Nc3 Qxb2 5. Nb5 Qb4+ 6. c3 Qa5 7. Nc7+ Kd8 8. Nxa8 Qxc3+ 9. Ke2 b6 10. Rc1 Ba6+ 11. Kf3 Bb7+ 12. Kg3 Qa3 13. Bc7+ Kc8 14. dxc5 Bxa8 15. cxb6 Nc6 16. Nf3 axb6 17. Qb3 Qxb3 18. axb3 Kxc7 19. Nd4 Nf6 20. Nb5+ Kd8 21. f3 Bc5 22. Kf2 Nd5 23. Re1 f5 24. Bc4 f4 25. Bxd5 Bxe3+ 26. Ke2 exd5 27. Ra1 Bb7 28. Nd6 Nd4+ 29. Kd3 Kc7 30. Nf7 Rf8 31. Ng5 Nxb3 32. Ra3 Nc5+ 33. Ke2 d4 34. Rb1 Re8 35. Kd1 d3 36. g3 fxg3 0-1


[Site "https://www.chess.com"]

[Event "Titled Tuesday Blitz May 16 Early 2023"]
[White "Senft, Sean"]
[Black "Ciuffoletti, Paolo"]
[WhiteFideId "2044960"]
[BlackFideId "807630"]
[WhiteElo "1989"]
[BlackElo "2143"]
[Result "1-0"]
[Round "03"]
[TimeControl "180+2"]
[Date "2023.05.16"]
[WhiteClock "0:00:31"]
[BlackClock "0:00:04"]

1. d4 d5 2. c4 c6 3. Nc3 Nf6 4. Nf3 dxc4 5. a4 e6 6. e4 Bb4 7. Bd2 Bxc3 8. bxc3 Nxe4 9. Bxc4 Nxd2 10. Nxd2 O-O 11. O-O Nd7 12. f4 Nf6 13. Rf3 b6 14. Rg3 Bb7 15. Bd3 c5 16. Rh3 h6 17. g4 Qd5 18. Nf3 cxd4 19. g5 Ng4 20. c4 Qc6 21. gxh6 Nxh6 22. Qe1 Qd6 23. Ne5 f6 24. Qg3 fxe5 25. Rxh6 e4 26. Rg6 Rf7 27. Be2 Qxf4 28. Rxg7+ Kf8 29. Rxf7+ Qxf7 30. Rf1 Qxf1+ 31. Kxf1 Kf7 32. Qc7+ 1-0


[Site "https://www.chess.com"]

[Event "Titled Tuesday Blitz May 16 Early 2023"]
[White "Gatterer, Florian"]
[Black "Johnson, Ben"]
[WhiteFideId "811688"]
[BlackFideId "2010917"]
[WhiteElo "2221"]
[BlackElo "2138"]
[Result "1-0"]
[Round "03"]
[TimeControl "180+2"]
[Date "2023.05.16"]
[WhiteClock "0:00:02"]
[BlackClock "0:00:09"]

1. d4 Nf6 2. Bg5 d5 3. e3 c5 4. Bxf6 gxf6 5. dxc5 e6 6. Nf3 Bxc5 7. Be2 Nc6 8. O-O O-O 9. a3 e5 10. b4 Be7 11. c4 Be6 12. Nbd2 d4 13. exd4 Nxd4 14. Nxd4 Qxd4 15. Nb3 Qxd1 16. Rfxd1 Rfd8 17. Na5 Rab8 18. Bf3 f5 19. Bxb7 Bxc4 20. Rxd8+ Bxd8 21. Nxc4 Rxb7 22. Rd1 Bf6 23. g3 e4 24. Rd5 f4 25. gxf4 Rc7 26. Rc5 Rd7 27. Ne5 Rd2 28. Rc7 Bh4 29. Ng4 h5 30. Nh6+ Kh7 31. Nxf7 Bxf2+ 32. Kf1 Kg6 33. Ne5+ Kf5 34. Nc4 Ra2 35. Rf7+ Kg4 36. h3+ Kxh3 37. f5 h4 38. f6 Kh2 39. Rh7 Bg3 40. f7 Rf2+ 41. Ke1 e3 42. Rh5 Rf3+ 43. Ke2 Rxf7 44. Nxe3 Re7 45. Kf3 h3 46. Ng4+ Kg1 47. Ne3 Rg7 48. Nf5 h2 49. Nxg3 h1=Q+ 50. Rxh1# 1-0


[Site "https://www.chess.com"]